 Dungeon Crawl Stone Soup version 0.28.0-53-g5a82cb258f (webtiles) character file.

Game seed: 3787437918054897351

7611 cbfl8 the Cleaver (level 10, -1/136 HPs)
             Began as a Minotaur Berserker on Aug 25, 2022.
             Was an Elder of Trog.
             Slain by a death yak (17 damage)
             ... on level 9 of the Dungeon.
             The game lasted 00:11:26 (12897 turns).

cbfl8 the Cleaver (Minotaur Berserker)             Turns: 12897, Time: 00:11:27

Health: -1/136     AC: 13    Str: 23    XL:     10   Next: 98%
Magic:  9/9        EV:  9    Int:  4    God:    Trog [****..]
Gold:   579        SH:  0    Dex: 13    Spells: 9/9 levels left

rFire   + . .      SeeInvis .   w - +1 battleaxe (drain)
rCold   x . .      Faith    .   (shield currently unavailable)
rNeg    . . .      Spirit   .   x - +0 plate armour
rPois   .          Reflect  .   (helmet restricted)
rElec   .          Harm     .   (no cloak)
rCorr   .          Rampage  .   (no gloves)
Will    .....                   (no boots)
Stlth   ..........              h - amulet of the acrobat
HPRegen 0.32/turn               t - ring of fire
MPRegen 0.11/turn               (no ring)

@: berserking, very quick
A: horns 2, retaliatory headbutt
a: Renounce Religion, Berserk, Trog's Hand, Brothers in Arms


You were on level 9 of the Dungeon.
You worshipped Trog.
Trog was greatly pleased with you.
You visited 1 branch of the dungeon, and saw 10 of its levels.

You collected 579 gold pieces.

Inventory:

Hand Weapons
 w - a +1 battleaxe of draining (weapon)
Missiles
 n - 2 throwing nets
Armour
 l - a +0 chain mail
 x - a +0 plate armour (worn)
Jewellery
 h - an amulet of the acrobat (around neck)
 t - a ring of fire (left hand)
Wands
 j - a wand of mindburst (15)
 s - a wand of flame (1)
 u - a wand of iceblast (4) (quivered)
 y - a wand of acid (6)
Scrolls
 a - a scroll of enchant armour
 c - 4 scrolls of magic mapping
 d - 3 scrolls of fog
 i - a scroll of fear
 v - 2 scrolls of enchant weapon
Potions
 e - 3 potions of attraction {unknown}
 f - 2 potions of degeneration {unknown}
 g - a potion of magic {unknown}
 k - a potion of resistance {unknown}
 m - a potion of curing
 o - a potion of ambrosia {unknown}
 q - a potion of mutation {unknown}
 r - a potion of cancellation {unknown}


   Skills:
 * Level 9.3 Fighting
 * Level 13.4 Axes
 + Level 8.2 Armour
 * Level 6.9 Dodging
 * Level 5.2 Stealth
 + Level 1.7 Shields
 + Level 0.4 Evocations


You had 9 spell levels left.
You didn't know any spells.
Your spell library was empty.

Dungeon Overview and Level Annotations

Branches:
Dungeon (10/15)            Temple (0/1) D:6            Lair (0/6) D:9
    Orc (0/2) D:10

Altars:
Hepliaklqana
Xom

Shops:
D:2 (   D:3 (   D:6 [


Innate Abilities, Weirdness & Mutations

You have a pair of horns on your head.
You reflexively headbutt those who attack you in melee.


Message History

You slice the death yak!! Your headbutt misses the death yak.
The death yak is severely wounded.
You barely miss the death yak. The death yak gores you!
Unknown command.
You are too injured to fight recklessly!
Unknown command.
You are too injured to fight recklessly!
Unknown command.
You are too injured to fight recklessly!
Unknown command.
You slice the death yak!!
The death yak is moderately wounded.
You hit the death yak. You slash the death yak! You drain the death yak.
An orc priest comes into view.
It is wielding a +0 short sword and carrying a wand of acid (4).
The death yak closely misses you.
You hit the death yak. Your headbutt misses the death yak.
The death yak is heavily wounded.
You hit the death yak. You barely miss the death yak. The death yak gores you!!
The death yak completely misses you. You furiously retaliate!
You headbutt the death yak.
An orc warrior comes into view. It is wielding a +0 trident.
Unknown command.
The orc warrior shouts!
You slash the death yak! You drain the death yak. You headbutt the death yak!
The death yak is severely wounded.
You slash the death yak! You drain the death yak. You slash the death yak!
You drain the death yak. You hit the death yak but do no damage.
The death yak gores you!
* * * LOW HITPOINT WARNING * * *
The death yak gores you!
* * * LOW HITPOINT WARNING * * *
The death yak gores you!
* * * LOW HITPOINT WARNING * * *
You barely miss the death yak. You headbutt the death yak!
The death yak is almost dead.
You slice the death yak!! You hit the death yak but do no damage.
You drain the death yak. You slash the death yak! You drain the death yak.
The death yak gores you but does no damage.
The death yak gores you!
You die...

#>.......).)....## #..........#
#.)..........#...# #....#.######
#............#.[.##..##.#.##
#............#......# #....#####
...................#####.##.##.(.
.########.(:..##....#.......##...
#<.....#..#..............
##......#................ ##
#.....Y@Y.#########..... ....
.......YYY.### ###...
....######o.#.#..#...## #...
......#...............# #...
...........o......#...###### #...
......YY...................###...
...oYY..>..............###......<
>.Y...Y................<.......#.
.....#..............####......##


You could see 5 death yaks, an orc warrior and an orc priest.

Vanquished Creatures
  A two-headed ogre (D:8)
  3 death yaks
  Grinder (D:3)
  Sigmund (D:3)
  2 wraiths
  A shadow (D:6)
  A wyvern (D:9)
  Menkaure (D:4)
  A steam dragon (D:8)
  3 water moccasins
  An ice beast (D:8)
  A sky beast (D:7)
  An orc warrior (D:9)
  4 centaurs
  3 ogres
  A phantom (D:6)
  4 kobold brigands
  A bullfrog (D:9)
  A gnoll sergeant (D:8)
  A wyvern zombie (D:8)
  5 scorpions
  A wyvern skeleton (D:7)
  A water moccasin skeleton (D:6)
  12 killer bees
  An electric eel (D:7)
  5 wights
  2 bullfrog zombies (D:6)
  A centaur zombie (D:8)
  A bullfrog skeleton (D:6)
  5 hounds
  3 jellies (D:5)
  A centaur skeleton (D:4)
  6 orc priests
  A gnoll shaman (D:4)
  2 iguanas (D:4)
  Natasha (twice) (D:2)
  7 orc wizards
  A scorpion zombie (D:5)
  Robin (D:2)
  14 gnolls
  8 adders
  2 shadow imps
  3 white imps
  3 ufetubi
  A worm (D:4)
  25 orcs
  9 ball pythons
  3 bats
  5 endoplasms
  A giant cockroach (D:2)
  9 hobgoblins
  13 jackals
  2 quokkas
  4 frilled lizards
  10 goblins
  18 kobolds
  An orc skeleton (D:10)
  A quokka skeleton (D:4)
  3 rats
226 creatures vanquished.

Vanquished Creatures (others)
  A plant (D:7)
1 creature vanquished.

Grand Total: 227 creatures vanquished

Notes
Turn   | Place    | Note
-------+----------+-------------------------------------------
     0 | D:1      | cbfl8 the Minotaur Berserker began the quest for the Orb.
     0 | D:1      | Reached XP level 1. HP: 19/19 MP: 0/0
   590 | D:1      | Reached XP level 2. HP: 26/27 MP: 1/1
   667 | D:1      | Reached skill level 4 in Axes
  1208 | D:2      | Noticed Robin
  1220 | D:2      | Reached XP level 3. HP: 27/33 MP: 2/2
  1221 | D:2      | Killed Robin
  1722 | D:2      | Reached ** piety under Trog
  1824 | D:2      | Found a faded altar of an unknown god.
  1862 | D:2      | Noticed Natasha
  1864 | D:2      | Found Xosiynne's Antique Weapon Shop.
  1871 | D:2      | Killed Natasha
  1872 | D:2      | Reached XP level 4. HP: 31/41 MP: 3/3
  1936 | D:2      | Noticed Natasha
  2080 | D:2      | Killed Natasha
  2081 | D:2      | Reached skill level 5 in Axes
  2333 | D:3      | Noticed Grinder
  2339 | D:3      | Paralysed by Grinder for 6 turns
  2349 | D:3      | Killed Grinder
  2350 | D:3      | Reached skill level 5 in Fighting
  2350 | D:3      | Reached skill level 6 in Axes
  2350 | D:3      | Reached skill level 1 in Stealth
  2350 | D:3      | Reached XP level 5. HP: 24/48 MP: 4/4
  2350 | D:3      | Reached XP level 6. HP: 28/56 MP: 5/5
  2713 | D:3      | Noticed Sigmund
  2727 | D:3      | Killed Sigmund
  3066 | D:3      | Reached XP level 7. HP: 61/61 MP: 6/6
  3067 | D:3      | Reached skill level 7 in Axes
  3382 | D:3      | Found Perph's Weapon Shoppe.
  3976 | D:4      | Reached *** piety under Trog
  4003 | D:4      | Noticed Menkaure
  4009 | D:4      | Killed Menkaure
  4010 | D:4      | Reached skill level 8 in Axes
  4653 | D:4      | Reached XP level 8. HP: 70/70 MP: 7/7
  4716 | D:4      | Found a hazy altar of Hepliaklqana.
  4761 | D:5      | Entered Level 5 of the Dungeon
  4761 | D:5      | Found a large runed translucent door.
  4762 | D:5      | Found a large runed translucent door.
  5088 | D:5      | Reached skill level 9 in Axes
  5107 | D:5      | Reached skill level 5 in Armour
  5588 | D:5      | Found a shimmering altar of Xom.
  6327 | D:6      | Reached skill level 10 in Axes
  6493 | D:6      | Reached XP level 9. HP: 65/78 MP: 8/8
  6546 | D:6      | Found a staircase to the Ecumenical Temple.
  6630 | D:6      | Reached skill level 5 in Dodging
  7114 | D:6      | Found Rextugo's Armour Boutique.
  7798 | D:7      | Reached skill level 11 in Axes
  8756 | D:7      | Reached **** piety under Trog
  9908 | D:8      | Found the +4 robe of Augmentation {Str+4 Int+4 Dex+4}
 10220 | D:8      | Reached XP level 10. HP: 61/86 MP: 9/9
 10233 | D:8      | Reached skill level 12 in Axes
 10694 | D:8      | Noticed a two-headed ogre
 10700 | D:8      | Killed a two-headed ogre
 12148 | D:9      | Reached skill level 1 in Shields
 12552 | D:9      | Noticed a death yak
 12554 | D:9      | Noticed a death yak
 12555 | D:9      | Found a staircase to the Lair.
 12555 | D:9      | Noticed a death yak
 12555 | D:9      | Noticed a death yak
 12555 | D:9      | Noticed a death yak
 12555 | D:9      | Noticed a death yak
 12558 | D:9      | Noticed a death yak
 12559 | D:9      | Noticed a death yak
 12561 | D:10     | Entered Level 10 of the Dungeon
 12566 | D:10     | Killed a death yak
 12567 | D:10     | Reached skill level 13 in Axes
 12570 | D:10     | Killed a death yak
 12571 | D:10     | Reached skill level 5 in Stealth
 12890 | D:9      | Killed a death yak
 12897 | D:9      | Slain by a death yak

Illustrated notes

Levels and vault maps discovered:
D:1:      dpeg_chamrin_arrival_tetris, layout_loops_corners
D:2:      layout_rooms, serial_shops, shop,
          hellmonk_ecumenical_altar_inner_sanctum,
          ebering_dispersal_statue_hall, uniq_natasha, uniq_robin
D:3:      layout_loops_corners, serial_shops, shop, uniq_sigmund, uniq_grinder
D:4:      layout_loops_ring, nzn_hepliaklqana_mist_gate, saegor_snake_ambush,
          uniq_menkaure
D:5:      due_chaos_kobolds, layout_rooms, serial_rivers,
          chequers_serial_rivers_micro_b, chequers_serial_rivers_micro_c,
          chequers_serial_rivers_micro_b, chequers_serial_rivers_micro_c,
          chequers_serial_rivers_micro_d, kennysheep_generic_room_15
D:6:      cheibrodos_fzero, layout_basic, minmay_temple_entry_grid,
          serial_shops, nicolae_shop_statue_plus
D:7:      layout_loops_corners, serial_bayou_pond_b, serial_park_tiny_2
D:8:      layout_basic, minmay_misc_feat_ornament
D:9:      layout_rooms, dpeg_lair_monsters
D:10:     layout_irregular_city, zombieorc2_lemuel, serial_column_ruins,
          column_ruins_hut, column_ruins_hut, column_ruins_open_tiny_water,
          column_ruins_open_large, column_ruins_grid_1,
          column_ruins_corridor_corner, column_ruins_open_small,
          column_ruins_open_small_water, column_ruins_open_tiny, st_stairs_6,
          kb_lookout_dungeons_type

Skill      XL: |  1  2  3  4  5  6  7  8  9 10 |
---------------+-------------------------------+-----
Axes           | 4 6 8 10 11 13 | 13.4
Fighting       | 4 5 6 8 9 |  9.3
Armour         | 3 4 5 7 8 |  8.2
Dodging        | 3 4 5 6 |  6.9
Stealth        | 1 2 3 4 5 |  5.2
Shields        | 1 |  1.7
Evocations     | |  0.4

Action                   |  1- 3 |  4- 6 |  7- 9 | 10-12 || total
-------------------------+-------+-------+-------+-------++-------
Melee: Hand axe          |    33 |       |       |       ||    33
       Headbutt          |     9 |     5 |    67 |    20 ||   101
       War axe           |    32 |    44 |   338 |    77 ||   491
       Punch             |       |     2 |     5 |       ||     7
       Battleaxe         |       |       |       |    17 ||    17
Invok: Berserk           |     2 |     3 |     7 |     6 ||    18
Evoke: Wand              |       |       |     6 |     5 ||    11
  Use: Potion            |       |       |     2 |       ||     2
       Scroll            |       |       |     5 |     5 ||    10
Armor: Animal skin       |     7 |       |       |       ||     7
       Scale mail        |    17 |    11 |       |       ||    28
       Chain mail        |       |     9 |   134 |    34 ||   177
       Plate armour      |       |       |       |     7 ||     7
Dodge: Dodged            |    28 |    25 |   197 |    73 ||   323
Block: Buckler           |       |       |       |    15 ||    15
